 Dungeon Crawl Stone Soup version 0.29-a0-418-gc0181ea820 (webtiles) character file.

Game seed: 11286990077554719703

6999 Hubjo the Thaumaturge (level 10, -1/63 (67) HPs)
             Began as a Deep Elf Fire Elementalist on May 17, 2022.
             Was a Believer of Ashenzari.
             Slain by an orc warrior
             ... wielding a +0 battleaxe
              (23 damage)
             ... on level 10 of the Dungeon.
             The game lasted 00:20:16 (14554 turns).

Hubjo the Thaumaturge (Deep Elf Fire Elementalist) Turns: 14554, Time: 00:20:18

HP:   -1/63 (67)    AC:  9    Str:  5    XL:     10   Next: 82%
MP:   23/25         EV: 12    Int: 29    God:    Ashenzari [**....]
Gold: 47            SH:  0    Dex: 13    Spells: 16/28 levels left

rFire   . . .      SeeInvis +   E - +4 long sword of the Reaper {vorpal, Int+4}
rCold   + . .      Faith    .   (no shield)
rNeg    . . .      Spirit   .   a - +0 robe
rPois   .          Reflect  .   F - +0 helmet of Ashenzari's Sybil {Fort, Elem} (curse)
rElec   .          Harm     .   c - +2 cloak "Shackled Gloom" {Stlth+, Melee, Alch} (curse)
rCorr   +          Rampage  .   (no gloves)
Will    +....                   o - +2 pair of boots "Ruined Mysticism" {Comp, Alch} (curse)
Stlth   +++++.....              v - amulet "Pangnostic Disgust" {RegenMP, Melee, Comp} (curse)
HPRegen 0.20/turn               (no ring)
MPRegen 0.59/turn               B - ring of resist corrosion

@: drained
A: clumsy 1, cold resistance 1, robust 1, screaming 1
a: Renounce Religion, Shatter the Chains


You were on level 10 of the Dungeon.
You worshipped Ashenzari.
Ashenzari was pleased with you.
You visited 2 branches of the dungeon, and saw 11 of its levels.

You collected 665 gold pieces.
You spent 618 gold pieces at shops.

Inventory:

Hand Weapons
 h - a +1 whip of venom
 s - a +1 dagger of venom
 x - a +2 dagger of venom
 A - a +4 hand axe
 E - the +4 long sword of the Reaper (weapon) {vorpal, Int+4}
   (You bought it in a shop on level 9 of the Dungeon)

   It inflicts extra damage upon your enemies.
   Int:       It affects your intelligence (+4).
Armour
 a - a +0 robe (worn)
 c - the cursed +2 cloak "Shackled Gloom" (worn) {Stlth+, Melee, Alch}
   (You bought it in a shop on level 6 of the Dungeon)

   It has a curse which improves the following skills: Melee Combat: Short
   Blades, Long Blades, Axes, Maces & Flails, Polearms, Staves and Unarmed
   Combat.
   Alchemy:   Poison Magic and Transmutations.
 i - a +0 pair of boots
 o - the cursed +2 pair of boots "Ruined Mysticism" (worn) {Comp, Alch}
   (You found it on level 3 of the Dungeon)

   It has a curse which improves the following skills: Companions: Summonings
   and Necromancy.
   Alchemy:   Poison Magic and Transmutations.
 F - the cursed +0 helmet of Ashenzari's Sybil (worn) {Fort, Elem}
   (You found it on level 8 of the Dungeon)

   It has a curse which improves the following skills: Fortitude: Armour and
   Shields.
   Elements:  Fire Magic, Ice Magic, Air Magic and Earth Magic.
Magical Staves
 m - a staff of conjuration
 G - a staff of cold
Jewellery
 e - a ring of see invisible
 g - an amulet of reflection
 v - the cursed amulet "Pangnostic Disgust" (around neck) {RegenMP, Melee, Comp}
   (You found it on level 5 of the Dungeon)

   [amulet of magic regeneration]

   It increases your rate of magic regeneration.
   It has a curse which improves the following skills: Melee Combat: Short
   Blades, Long Blades, Axes, Maces & Flails, Polearms, Staves and Unarmed
   Combat.
   Companions: Summonings and Necromancy.
 y - an amulet of faith
 B - a ring of resist corrosion (right hand)
Wands
 u - a wand of charming (28)
Scrolls
 d - 10 scrolls of identify
 f - 6 scrolls of teleportation
 q - 2 scrolls of silence
 r - a scroll of fear
 t - 2 scrolls of enchant armour
 D - a scroll of amnesia
 H - a scroll of blinking
Potions
 b - a potion of magic
 j - 3 potions of haste
 k - 3 potions of flight
 l - 3 potions of degeneration
 n - 2 potions of heal wounds
 w - 4 potions of curing
 z - 2 potions of lignification
 C - 2 potions of might
Miscellaneous
 p - a phial of floods


   Skills:
 + Level 6.4 Fighting
 - Level 2.4 Dodging
 + Level 9.4 Stealth
 + Level 9.6 Spellcasting
 - Level 1.1 Conjurations
 * Level 6.7(8.7) Transmutations
 - Level 7.8(9.1) Fire Magic
 * Level 6.2(7.5) Air Magic


You had 16 spell levels left.
You knew the following spells:

 Your Spells              Type           Power      Damage    Failure   Level
a - Foxfire               Conj/Fire      100%       2x1d9     1%          1
b - Flame Wave            Conj/Fire      43%        2d9       4%          4
c - Storm Form            Tmut/Air       28%        N/A       75%         7

Your spell library contained the following spells:

 Spells                   Type           Power      Damage    Failure   Level
 Beastly Appendage        Tmut           100%       N/A       1%          1
 Scorch                   Fire           100%       2d10      1%          2
 Wereblood                Tmut           59%        N/A       1%          2
 Conjure Flame            Conj/Fire      43%        6-21      1%          3
 Inner Flame              Hex/Fire       40%        N/A       1%          3
 Spider Form              Tmut/Pois      39%        N/A       1%          3
 Summon Small Mammal      Summ           60%        N/A       3%          1
 Blink                    Tloc           26%        N/A       6%          2
 Call Canine Familiar     Summ           15%        N/A       11%         3
 Summon Guardian Golem    Hex/Summ       14%        N/A       11%         3
 Confusing Touch          Hex            13%        N/A       12%         3
 Tukima's Dance           Hex            13%        N/A       12%         3
 Yara's Violent Unravell  Hex/Tmut       19%        3d9       19%         5
 Freezing Cloud           Conj/Ice/Air   15%        6-21      32%         5
 Cause Fear               Hex            6%         N/A       36%         4
 Passage of Golubria      Tloc           13%        N/A       36%         4
 Dragon Form              Tmut           29%        N/A       67%         7
 Manifold Assault         Tloc           13%        N/A       73%         5
 Simulacrum               Ice/Necr       7%         N/A       99%         6
 Enfeeble                 Hex            6%         N/A       100%        7
 Dragon's Call            Summ           7%         N/A       100%        9
 Polar Vortex             Ice            7%         N/A       100%        9


Dungeon Overview and Level Annotations

Branches:
Dungeon (10/15)            Temple (1/1) D:5             Orc (0/2) D:10
   Lair: D:8-11

Altars:
Ashenzari
Dithmenos
Fedhas
Hepliaklqana
Kikubaaqudgha
Okawaru
Qazlal
Uskayaw
Xom
Zin
The Shining One

Shops:
D:3 [   D:6 [[*!?*   D:9 [(   D:10 [(


Innate Abilities, Weirdness & Mutations

You are clumsy. (Dex -2)
Your flesh is cold resistant. (rC+)
You are robust. (+10% HP)
You occasionally shout uncontrollably at your foes.


Message History

The orc warrior is moderately wounded.
The foxfire hits the orc warrior.
The orc warrior is moderately wounded.
The howler monkey hits you but does no damage.
The orc warrior attacks as you move away!
The orc warrior hits you with a +0 battleaxe!
The howler monkey attacks as you move away!
The howler monkey barely misses you.
The howler monkey hoots and howls with incredible vigour!
You hear a shout!
You conjure some foxfire!
The foxfire hits the orc warrior but does no damage.
The orc warrior is moderately wounded.
You conjure some foxfire!
The foxfire hits the orc warrior but does no damage.
The orc warrior is moderately wounded.
The howler monkey hits you. x2
You conjure some foxfire!
The foxfire hits the orc warrior.
The orc warrior is heavily wounded.
The foxfire hits the orc warrior.
The orc warrior is heavily wounded.
The howler monkey hoots and howls with incredible vigour!
The orc warrior hits you with a +0 battleaxe.
You hear a shout!
You conjure some foxfire!
The foxfire hits the howler monkey.
The howler monkey is almost dead.
The foxfire hits the orc warrior but does no damage.
The orc warrior is heavily wounded.
The howler monkey hits you but does no damage.
The orc warrior hits you with a +0 battleaxe!!
You are too injured to fight recklessly!
You are too injured to fight recklessly!
You hit the orc warrior but do no damage.
The orc warrior is heavily wounded.
The foxfire hits the howler monkey.
You kill the howler monkey!
The foxfire hits the orc warrior but does no damage.
The orc warrior is heavily wounded.
The orc warrior hits you with a +0 battleaxe!!
You die...

, PP .. , * .P.##.*<
*######
...#..#######....##
≈...#.....##.....#
###..............#*
.................##
#..............§.§#
#.?.....).......@.#
#............).o†.#
#............)....#
#...##########)).####
#...# ###..>.#
#...#,,, ..........##
#...# $$..$.....#
#...# ,, .......)..#
#..<# ,∩.>.∩.$...#


You could see an orc warrior.

Vanquished Creatures
  A centaur warrior (D:8)
  Maggie (D:8)
  A wyvern (D:9)
  13 yaks
  Eustachio (D:4)
  A steam dragon (D:6)
  Menkaure (D:4)
  3 water moccasins
  A sky beast (D:7)
  5 black bears
  3 ogres
  3 centaurs
  2 phantoms (D:5)
  A kobold brigand (D:7)
  A gnoll sergeant (D:7)
  6 bullfrogs
  2 scorpions
  3 wights (D:9)
  6 killer bees (D:9)
  5 howler monkeys
  5 hounds
  4 jellies (D:5)
  4 orc priests
  7 orc wizards
  2 iguanas
  Robin (D:2)
  3 gnolls (D:7)
  13 adders
  A white imp (D:7)
  An ufetubus (D:5)
  2 worms
  2 dart slugs (D:5)
  25 orcs
  An endoplasm (D:3)
  3 giant cockroaches
  14 goblins
  9 hobgoblins
  5 quokkas
  10 ball pythons
  6 bats
  4 frilled lizards
  10 kobolds
  2 rats
194 creatures vanquished.

Vanquished Creatures (collateral kills)
  A yak (D:9)
  5 foxfires (D:6)
6 creatures vanquished.

Vanquished Creatures (others)
  A yak (D:9)
  1325 foxfires
1326 creatures vanquished.

Grand Total: 1526 creatures vanquished

Notes
Turn   | Place    | Note
-------+----------+-------------------------------------------
     0 | D:1      | Hubjo the Deep Elf Fire Elementalist began the quest for
                  | the Orb.
     0 | D:1      | Reached XP level 1. HP: 10/10 MP: 6/6
   881 | D:2      | Reached XP level 2. HP: 16/16 MP: 4/8
  1165 | D:2      | Reached skill level 1 in Fighting
  1283 | D:2      | Found a hazy altar of Hepliaklqana.
  1580 | D:2      | Reached XP level 3. HP: 20/20 MP: 5/9
  1874 | D:3      | Reached XP level 4. HP: 22/26 MP: 3/11
  2116 | D:3      | Found Fogin's Armour Boutique.
  2191 | D:3      | Noticed Robin
  2229 | D:2      | Killed Robin
  2451 | D:3      | Found a faded altar of an unknown god.
  2935 | D:3      | Noticed a bullfrog
  3041 | D:4      | Found a shadowy altar of Dithmenos.
  3204 | D:4      | Noticed a centaur
  3210 | D:4      | Killed a centaur
  3211 | D:4      | Reached XP level 5. HP: 31/31 MP: 6/13
  3742 | D:4      | Noticed Eustachio
  3755 | D:4      | Killed Eustachio
  3756 | D:4      | Reached XP level 6. HP: 37/37 MP: 1/15
  4006 | D:4      | Reached skill level 5 in Spellcasting
  4079 | D:4      | Reached XP level 7. HP: 25/42 MP: 7/16
  4266 | D:4      | Reached skill level 5 in Stealth
  4355 | D:4      | Reached skill level 5 in Fire Magic
  4489 | D:4      | Noticed Menkaure
  5283 | D:4      | Killed Menkaure
  5473 | D:5      | Entered Level 5 of the Dungeon
  5489 | D:5      | Learned a level 4 spell: Flame Wave
  5795 | D:5      | Found a staircase to the Ecumenical Temple.
  6019 | D:5      | Reached XP level 8. HP: 45/48 MP: 12/19
  6607 | Temple   | Entered the Ecumenical Temple
  6779 | Temple   | Became a worshipper of Ashenzari the Shackled
  7370 | D:5      | Reached skill level 5 in Fighting
  8835 | D:6      | Reached XP level 9. HP: 12/54 MP: 22/22
  9273 | D:5      | Learned a level 7 spell: Storm Form
  9397 | D:6      | Found Cibboll's Distillery.
  9540 | D:6      | Found an ancient bone altar of Kikubaaqudgha.
  9548 | D:6      | Reached skill level 1 in Transmutations
  9548 | D:6      | Reached skill level 1 in Air Magic
  9566 | D:6      | Reached * piety under Ashenzari
  9567 | D:6      | Gained mutation: You have an increased reservoir of magic.
                  | (+10% MP) [potion of mutation]
  9567 | D:6      | Gained mutation: You occasionally shout uncontrollably at
                  | your foes. [potion of mutation]
  9567 | D:6      | Gained mutation: You have hidden genetic defects. [potion
                  | of mutation]
  9567 | D:6      | Gained mutation: You have sharp toenails. [potion of
                  | mutation]
  9726 | D:6      | Found Oqeg's Assorted Antiques.
  9726 | D:6      | Found Adwuckawou's General Store.
  9728 | D:6      | Found Cica's Antique Armour Boutique.
  9728 | D:6      | Found Foubegg's Magic Scroll Emporium.
  9730 | D:6      | Found Dueppofo's Antique Armour Shop.
  9774 | D:6      | Bought a glowing cloak for 180 gold pieces
  9807 | D:6      | Bought 2 potions of mutation for 192 gold pieces
  9807 | D:6      | Lost mutation: You have an increased reservoir of magic.
                  | (+10% MP) [potion of mutation]
  9807 | D:6      | Lost mutation: You have hidden genetic defects. [potion of
                  | mutation]
  9807 | D:6      | Gained mutation: You are robust. (+10% HP) [potion of
                  | mutation]
  9807 | D:6      | Gained mutation: Your body sometimes deteriorates upon
                  | taking damage. [potion of mutation]
  9807 | D:6      | Gained mutation: Your flesh is cold resistant. (rC+)
                  | [potion of mutation]
  9808 | D:6      | Lost mutation: You have sharp toenails. [potion of
                  | mutation]
  9808 | D:6      | Lost mutation: Your body sometimes deteriorates upon taking
                  | damage. [potion of mutation]
  9808 | D:6      | Gained mutation: You are clumsy. (Dex -2) [potion of
                  | mutation]
 10453 | D:7      | Reached ** piety under Ashenzari
 11125 | D:8      | Noticed a centaur warrior
 11136 | D:8      | Killed a centaur warrior
 11882 | D:8      | Noticed Maggie
 11894 | D:8      | Killed Maggie
 11895 | D:8      | Reached XP level 10. HP: 53/66 MP: 19/24
 12193 | D:9      | Reached skill level 5 in Transmutations
 12575 | D:9      | Reached skill level 5 in Air Magic
 12794 | D:9      | Found Qynitt's Armour Boutique.
 12884 | D:9      | Found Uthreuh's Antique Weapon Boutique.
 13579 | D:9      | Bought a transparent long sword for 246 gold pieces
 13579 | D:9      | Identified the +4 long sword of the Reaper {vorpal, Int+4}
                  | (You bought it in a shop on level 9 of the Dungeon)
 14486 | D:10     | Entered Level 10 of the Dungeon
 14535 | D:10     | Found Ewazxur's Weapon Emporium.
 14537 | D:10     | Found a staircase to the Orcish Mines.
 14537 | D:10     | Found Egithre's Armour Emporium.
 14554 | D:10     | Slain by an orc warrior

Illustrated notes

Levels and vault maps discovered:
D:1:      tarquinn_simple_flora_water_f, layout_loops_ring,
          minmay_misc_feat_five
D:2:      layout_basic, basic_altar
D:3:      layout_basic, serial_shops, shop, shapermc_ecumenical_altar_venn,
          lightli_corner_chamber, uniq_robin
D:4:      layout_gridville, overflow_temple_1_default, uniq_eustachio,
          uniq_menkaure
D:5:      minmay_thinvault, layout_layer_cave, minmay_temple_entry_tees
D:6:      layout_loops_cross, kiku_gazebo_garden_becter,
          nicolae_wooded_promenade, chequers_serial_rivers_room_a
D:7:      layout_cave_pools
D:8:      layout_rooms, uniq_maggie
D:9:      layout_stronghold, serial_shops, nicolae_shop_waterfront,
          palyth_stone_intersect, hangedman_abyss_or_decor_stabs,
          minmay_shop_grid_forest
D:10:     layout_gridville, dpeg_oklobed_lair, orc_david_3, uniq_snorg
Temple:   mainiacjoe_temple_big_plus

Skill      XL: |  1  2  3  4  5  6  7  8  9 10 |
---------------+-------------------------------+-----
Fighting       | 1 2 3 4 5 6 |  6.4
Stealth        | 3 4 5 7 8 9 |  9.4
Fire Magic     | 4 6 7 |  7.8
Spellcasting   | 4 5 6 7 8 9 |  9.6
Transmutations | 4 6 |  6.7
Air Magic      | 4 6 |  6.2
Dodging        | |  2.4
Conjurations   | |  1.1

Action                   |  1- 3 |  4- 6 |  7- 9 | 10-12 || total
-------------------------+-------+-------+-------+-------++-------
Melee: Whip              |       |     1 |       |       ||     1
       Dagger            |       |       |    20 |    11 ||    31
       Long sword        |       |       |       |     2 ||     2
 Cast: Foxfire           |    88 |   136 |   372 |   196 ||   792
       Flame Wave        |       |       |     1 |     1 ||     2
Invok: Curse Item        |       |       |     3 |     2 ||     5
       Shatter the Chain |       |       |       |     1 ||     1
Evoke: Wand              |       |       |       |     3 ||     3
  Use: Scroll            |     1 |       |     3 |     2 ||     6
       Potion            |       |       |     4 |     1 ||     5
Armor: Robe              |     5 |     4 |    23 |    32 ||    64
Dodge: Dodged            |     8 |     8 |    38 |    69 ||   123
Block: Other             |     3 |     3 |    12 |       ||    18
       Reflection        |     1 |     1 |       |       ||     2

Table legend: (Time is in decaauts)
 A = Elapsed time spent in this place.
 B = Non-inter-level travel time spent in this place.
 C = Inter-level travel time spent in this place.
 D = Time resting spent in this place.
 E = Time spent auto-exploring this place.
 F = Levels seen in this place.
 G = Mean time per level.
                   A        B        C        D        E       F      G
               +--------+--------+--------+--------+--------+-----+--------+
         Total |  14563 |  14110 |    453 |   2187 |  10141 |  11 | 1323.9 |
       Dungeon |  14360 |  13936 |    424 |   2187 |   9980 |  10 | 1436.0 |
        Temple |    202 |    173 |     29 |      0 |    161 |   1 |  202.0 |
               +--------+--------+--------+--------+--------+-----+--------+

Top non-repeatable levels by time:
     D:5: 3571 daAuts
     D:9: 1961 daAuts
     D:3: 1810 daAuts
     D:4: 1661 daAuts
     D:8: 1612 daAuts
     D:2: 1142 daAuts
     D:7: 859 daAuts
     D:1: 859 daAuts
     D:6: 814 daAuts
  Temple: 202 daAuts
    D:10: 67 daAuts
